[Event "FIDE WCCC Open-12 2024"]
[Site "Montesilvano"]
[Date "2024.11.19"]
[Round "5.20"]
[White "Sahbudak, Baris Cinar"]
[Black "Tona, Leonardo"]
[Result "1-0"]
[ECO "B13"]
[WhiteElo "2264"]
[BlackElo "1906"]
[Annotator "RC"]
[PlyCount "121"]
[EventDate "2024.11.18"]
[EventType "swiss"]
[EventCountry "ITA"]
[SourceTitle "playchess.com"]
[Source "ChessBase"]
[SourceQuality "1"]
[TimeControl "5400+30"]

1. e4 c6 2. d4 d5 3. exd5 cxd5 4. Bd3 Nc6 5. c3 Nf6 6. h3 g6 7. Nf3 Bf5 8. O-O Bg7 9. Re1 Bxd3 10. Qxd3 O-O 11. Bf4 Ne4 12. Nbd2 f5 13. Nb3 b6 14. Nfd2 Qd7 15. f3 Nxd2 16. Qxd2 Rae8 17. Rad1 e6 18. Re2 a5 19. Nc1 Nd8 20. Nd3 Nf7 21. Rde1 Re7 22. g4 fxg4 23. hxg4 h6 24. Kg2 g5 25. Bg3 Rfe8 26. f4 Bf6 27. Ne5 Bxe5 28. dxe5 gxf4 29. Bxf4 Kg7 30. Bxh6+ Nxh6 31. Qg5+ Kh8 32. Rh1 Rh7 33. Rxh6 Rxh6 34. Qxh6+ Qh7 35. Qf6+ Qg7 36. Kg3 Qxf6 37. exf6 Kh7 38. g5 Kg6 39. Kg4 Rh8 40. Rxe6 Rh2 41. Rxb6 Rg2+ 42. Kf4 Rf2+ 43. Ke5 Rf5+ 44. Ke6 Kxg5 45. Rb5 Rxf6+ 46. Kxd5 Kf4 47. Kc4 Ra6 48. Kb3 a4+ 49. Ka3 Ke3 50. Rb4 Kd3 51. Rxa4 Rb6 52. Rb4 Ra6+ 53. Kb3 Rc6 54. a4 Rc5 55. Rb5 Rc6 56. a5 Ra6 57. Kb4 Kc2 58. Kc4 Rc6+ 59. Rc5 Rh6 60. b4 Rh3 61. a6 1-0

[Event "FIDE WCCC Open-12 2024"]
[Site "Montesilvano"]
[Date "2024.11.19"]
[Round "5.21"]
[White "Yang, Maxwell"]
[Black "Kuandykuly, Danis"]
[Result "0-1"]
[ECO "E51"]
[WhiteElo "1889"]
[BlackElo "2199"]
[Annotator "ChessBase"]
[PlyCount "120"]
[EventDate "2024.11.18"]
[EventType "swiss"]
[EventCountry "ITA"]
[SourceTitle "playchess.com"]
[Source "ChessBase"]
[SourceQuality "1"]
[TimeControl "5400+30"]

1. d4 Nf6 2. c4 e6 3. Nf3 d5 4. Nc3 Bb4 5. Qa4+ Nc6 6. e3 dxc4 7. Bxc4 O-O 8. O-O a6 9. Qc2 Bd6 10. Rd1 Qe7 11. e4 e5 12. Bg5 Nb4 13. Qe2 exd4 14. Nxd4 h6 15. Bh4 Kh8 16. Re1 Re8 17. a3 Nc6 18. Nxc6 bxc6 19. Bg3 Bg4 20. f3 Bxg3 21. hxg3 Qc5+ 22. Kf1 Nh5 23. Qe3 Qxc4+ 24. Kf2 Be6 25. g4 Nf6 26. g5 hxg5 27. Qxg5 Qd4+ 28. Kg3 Nh7 29. Rh1 Qf6 30. Qh5 Qg6+ 31. Qxg6 fxg6 32. Ne2 Kg8 33. Rac1 Bd7 34. Nd4 Rab8 35. b4 Rb6 36. Rhd1 Nf8 37. Nb3 Kf7 38. Nc5 Ke7 39. Rc3 Ra8 40. Rcd3 Be8 41. Nb3 Ne6 42. Rc1 Rd8 43. Rxd8 Kxd8 44. Nc5 Nxc5 45. Rxc5 Rb5 46. Kf4 Rxc5 47. bxc5 Ke7 48. Ke5 Bd7 49. g3 g5 50. f4 gxf4 51. gxf4 g6 52. Kd4 Kf6 53. Kc4 g5 54. e5+ Kf5 55. fxg5 Kxg5 56. Kb4 Kf5 57. Ka5 Bc8 58. a4 Kxe5 59. Kb4 Bg4 60. Ka5 Bd1 0-1

[Event "FIDE WCCC Open-12 2024"]
[Site "Montesilvano"]
[Date "2024.11.19"]
[Round "5.22"]
[White "Aadik Theophane Lenin"]
[Black "Ambartsumian, Tyhran"]
[Result "0-1"]
[ECO "E12"]
[WhiteElo "1857"]
[BlackElo "2123"]
[Annotator "RC"]
[PlyCount "186"]
[EventDate "2024.11.18"]
[EventType "swiss"]
[EventCountry "ITA"]
[SourceTitle "playchess.com"]
[Source "ChessBase"]
[SourceQuality "1"]
[TimeControl "5400+30"]

1. d4 Nf6 2. Nf3 e6 3. c4 b6 4. a3 Bb7 5. Bf4 c5 6. Nc3 cxd4 7. Nxd4 a6 8. Qd3 d6 9. Bd2 Nbd7 10. Qc2 Rc8 11. e4 g6 12. Be2 Bg7 13. O-O O-O 14. Rad1 Qc7 15. h3 Nc5 16. Bf3 Nfd7 17. Be3 Ne5 18. Be2 Ncd7 19. b3 Nf6 20. f4 Ned7 21. Bf3 e5 22. Nde2 exf4 23. Nxf4 Ne5 24. Bd4 Rfe8 25. Qf2 Nfd7 26. Nfd5 Bxd5 27. Nxd5 Qb7 28. Bg4 Nc5 29. Bxc8 Rxc8 30. Bxe5 Bxe5 31. Qf3 Rf8 32. b4 Ne6 33. Rfe1 Kg7 34. Kh1 h5 35. Qe3 Rb8 36. Rf1 Qc6 37. Rc1 Rb7 38. Qd2 Qc8 39. a4 Qd8 40. Rf3 Qh4 41. Qe1 Qd8 42. Qd2 a5 43. Rcf1 Qh4 44. bxa5 bxa5 45. Qxa5 Ng5 46. Re3 Nxe4 47. Qe1 Ng3+ 48. Rxg3 Bxg3 49. Qe2 Be5 50. Qf3 Qxc4 51. Ne3 Qa6 52. Qd5 Rc7 53. Qb5 Qa8 54. a5 Rc3 55. Qb6 Ra3 56. a6 Rxa6 57. Qc7 Qe8 58. Nd5 Qe6 59. Qb7 Ra3 60. Nf4 Bxf4 61. Qb2+ Be5 62. Qxa3 Qc4 63. Qf3 f5 64. Rd1 Kf6 65. Kg1 Kg7 66. Qb7+ Kh6 67. Qd5 Qa4 68. Rf1 Qa7+ 69. Kh1 h4 70. Qc4 Qe7 71. Qc1+ Kh7 72. Qe3 Kg7 73. Ra1 f4 74. Qe4 d5 75. Qe2 Qf6 76. Ra5 Qd6 77. Qd3 Qb4 78. Ra7+ Kh6 79. Qd1 f3 80. gxf3 Qb2 81. Qg1 Bd4 82. Ra2 Qxa2 83. Qxd4 Qb1+ 84. Kg2 Qc2+ 85. Kh1 Qc1+ 86. Kh2 Qc7+ 87. Kh1 Qd8 88. f4 Qe8 89. Qd2 Qe4+ 90. Kg1 Qf3 91. Qg2 Qxg2+ 92. Kxg2 Kg7 93. Kf3 Kf6 0-1

[Event "FIDE WCCC Open-12 2024"]
[Site "Montesilvano"]
[Date "2024.11.19"]
[Round "5.23"]
[White "Batbaatar, Baatar"]
[Black "Huseynov, Ahmed"]
[Result "1-0"]
[ECO "C15"]
[WhiteElo "2030"]
[BlackElo "1886"]
[Annotator "RC"]
[PlyCount "85"]
[EventDate "2024.11.18"]
[EventType "swiss"]
[EventCountry "ITA"]
[SourceTitle "playchess.com"]
[Source "ChessBase"]
[SourceQuality "1"]
[TimeControl "5400+30"]

1. e4 e6 2. d4 d5 3. Nc3 Bb4 4. Nge2 Nf6 5. e5 Nfd7 6. a3 Be7 7. f4 g6 8. Be3 c5 9. Qd2 Nc6 10. dxc5 Qa5 11. Nd4 Bxc5 12. O-O-O a6 13. Kb1 Nxd4 14. Bxd4 Bxd4 15. Qxd4 Qc5 16. Qxc5 Nxc5 17. Bd3 b5 18. b4 Nd7 19. Ne2 Nb6 20. g4 Ke7 21. Nd4 Bd7 22. Rdf1 Rhc8 23. h4 Rc3 24. h5 Rxa3 25. f5 gxf5 26. gxf5 Nc4 27. f6+ Kd8 28. Rfg1 h6 29. Rg8+ Be8 30. Nxe6+ Kd7 31. Ng7 Nxe5 32. Bf5+ Kc6 33. Re1 Nc4 34. Rexe8 Nd2+ 35. Kc1 Nc4 36. Kd1 Ra7 37. Re7 Rc7 38. Bd3 Nb2+ 39. Ke2 Nxd3 40. cxd3 Ra2+ 41. Ke3 Ra1 42. Rxc7+ Kxc7 43. Rf8 1-0

[Event "FIDE WCCC Open-12 2024"]
[Site "Montesilvano"]
[Date "2024.11.19"]
[Round "5.24"]
[White "Dauren, Darmen"]
[Black "Marchand, Calix"]
[Result "1/2-1/2"]
[ECO "D00"]
[WhiteElo "1820"]
[BlackElo "2027"]
[Annotator "RC"]
[PlyCount "111"]
[EventDate "2024.11.18"]
[EventType "swiss"]
[EventCountry "ITA"]
[SourceTitle "playchess.com"]
[Source "ChessBase"]
[SourceQuality "1"]
[TimeControl "5400+30"]

1. d4 d5 2. Bg5 f6 3. Bc1 c5 4. dxc5 e6 5. e4 Bxc5 6. exd5 exd5 7. Bd3 Ne7 8. Nd2 Nbc6 9. Nb3 Bd6 10. Ne2 Qc7 11. h3 Bd7 12. c3 O-O-O 13. Be3 Kb8 14. Nbd4 a6 15. Nxc6+ Nxc6 16. Qb3 Ne5 17. O-O-O Nc4 18. Bxc4 dxc4 19. Qb6 Qxb6 20. Bxb6 Bc7 21. Bxc7+ Kxc7 22. Rd4 b5 23. Nf4 Bf5 24. Rhd1 Rde8 25. Kd2 Kc6 26. Nd5 h5 27. Re1 Rxe1 28. Kxe1 Re8+ 29. Kd2 Re5 30. Ne3 Bb1 31. a3 g5 32. h4 Re4 33. Rxe4 Bxe4 34. f3 Bg6 35. g3 Kd6 36. Ng2 Ke5 37. Ke3 Bb1 38. Kf2 Bd3 39. f4+ Kf5 40. Ne3+ Kg6 41. Nd5 Be4 42. Ne3 Bd3 43. Kf3 Bb1 44. Nd5 Kf5 45. Ne7+ Ke6 46. Nc6 Kd6 47. Nd4 g4+ 48. Ke3 f5 49. Ne2 Kd5 50. Nc1 Kc5 51. Ne2 Kd5 52. Nd4 Be4 53. Ke2 Bd3+ 54. Kf2 Bb1 55. Ke2 Bd3+ 56. Ke3 1/2-1/2

[Event "FIDE WCCC Open-12 2024"]
[Site "Montesilvano"]
[Date "2024.11.19"]
[Round "5.25"]
[White "Elhusseiny, Eyad"]
[Black "Berdashkevich, Makar"]
[Result "1/2-1/2"]
[ECO "E15"]
[WhiteElo "2017"]
[BlackElo "1848"]
[Annotator "RC"]
[PlyCount "132"]
[EventDate "2024.11.18"]
[EventType "swiss"]
[EventCountry "ITA"]
[SourceTitle "playchess.com"]
[Source "ChessBase"]
[SourceQuality "1"]
[TimeControl "5400+30"]

1. d4 Nf6 2. c4 e6 3. Nf3 b6 4. g3 Bb4+ 5. Bd2 Bxd2+ 6. Qxd2 Ba6 7. b3 Bb7 8. Bg2 c5 9. Nc3 cxd4 10. Qxd4 Nc6 11. Qd2 Ne5 12. Qf4 Qb8 13. Qxe5 Qxe5 14. Nxe5 Bxg2 15. Rg1 Bb7 16. Nb5 Ke7 17. Rd1 d5 18. f3 a6 19. Nd4 Rac8 20. Kf2 dxc4 21. Nxc4 Nd7 22. a4 g6 23. e4 Rc5 24. Rge1 Rd8 25. Rd2 e5 26. Ne2 Bc6 27. Nd6 Ba8 28. Red1 Rc7 29. Nc4 Rb8 30. Nc3 Ra7 31. b4 f6 32. Ne3 Ke8 33. Ng4 Ke7 34. Ne3 Ke8 35. h4 h5 36. g4 Rc8 37. Rd3 hxg4 38. fxg4 Rac7 39. Ncd5 Bxd5 40. Rxd5 Nf8 41. h5 gxh5 42. gxh5 Ne6 43. Nf5 Rc2+ 44. Kg1 Nf4 45. Nd6+ Kf8 46. Nxc8 Nxd5 47. Rxd5 Rxc8 48. Rd6 Kg7 49. Rxb6 Rc4 50. h6+ Kxh6 51. Rxf6+ Kg7 52. Rb6 a5 53. bxa5 Rxe4 54. Kf2 Rxa4 55. a6 Kf7 56. Ke3 e4 57. Kf4 e3+ 58. Kxe3 Ke7 59. Kd3 Kd7 60. Kc3 Kc7 61. Rh6 Kb8 62. Kb3 Rg4 63. Rh7 Ka8 64. Rc7 Rg6 65. Kb4 Rxa6 66. Kb5 Rh6 1/2-1/2

[Event "FIDE WCCC Open-12 2024"]
[Site "Montesilvano"]
[Date "2024.11.19"]
[Round "5.26"]
[White "Wijerathna, Vinuka Dihain"]
[Black "Fadeev, Justin Michael"]
[Result "1-0"]
[ECO "C01"]
[WhiteElo "2004"]
[BlackElo "1878"]
[Annotator "RC"]
[PlyCount "63"]
[EventDate "2024.11.18"]
[EventType "swiss"]
[EventCountry "ITA"]
[SourceTitle "playchess.com"]
[Source "ChessBase"]
[SourceQuality "1"]
[TimeControl "5400+30"]

1. e4 e6 2. d4 d5 3. Nc3 Bb4 4. exd5 exd5 5. Bd3 Ne7 6. Qh5 h6 7. Nge2 Nd7 8. h3 Nf6 9. Qf3 Nc6 10. O-O O-O 11. a3 Ba5 12. b4 Bb6 13. Be3 a6 14. Rad1 Be6 15. Rfe1 Na7 16. Nf4 Nc8 17. Qg3 Kh8 18. Nxe6 fxe6 19. Ne2 c6 20. Bf4 Ne7 21. Be5 Nf5 22. Bxf5 exf5 23. Nf4 Rf7 24. Qg6 Qd7 25. Rd3 Re8 26. Rde3 Ne4 27. Qxh6+ Kg8 28. Qh5 Bc7 29. Ng6 Rfe7 30. Qh8+ Kf7 31. Qxg7+ Ke6 32. Nf4# 1-0

[Event "FIDE WCCC Open-12 2024"]
[Site "Montesilvano"]
[Date "2024.11.19"]
[Round "5.27"]
[White "Antipov, Fedor"]
[Black "Pham, Le Thao Nguyen"]
[Result "1-0"]
[ECO "B53"]
[WhiteElo "1991"]
[BlackElo "2384"]
[Annotator "RC"]
[PlyCount "59"]
[EventDate "2024.11.18"]
[EventType "swiss"]
[EventCountry "ITA"]
[SourceTitle "playchess.com"]
[Source "ChessBase"]
[SourceQuality "1"]
[TimeControl "5400+30"]

1. e4 c5 2. Nf3 d6 3. d4 cxd4 4. Qxd4 Nc6 5. Bb5 Bd7 6. Bxc6 Bxc6 7. Nc3 Nf6 8. Bg5 e6 9. O-O-O Be7 10. Rhe1 O-O 11. Qd3 Qa5 12. Bd2 Qc7 13. Nd4 Rfd8 14. f4 g6 15. g4 Nxg4 16. Qg3 Nf6 17. f5 e5 18. fxg6 exd4 19. gxh7+ Kh8 20. Rg1 Nh5 21. Qg4 Bf6 22. Qxh5 dxc3 23. Bxc3 Bxc3 24. bxc3 Bxe4 25. Qh4 Qxc3 26. Qxe4 Qa1+ 27. Kd2 Qe5 28. Rde1 Rac8 29. Rg8+ Rxg8 30. hxg8=Q+ 1-0

[Event "FIDE WCCC Open-12 2024"]
[Site "Montesilvano"]
[Date "2024.11.19"]
[Round "5.28"]
[White "Platonovs, Nikolajs"]
[Black "Farzaleev, Daniyar"]
[Result "1/2-1/2"]
[ECO "B38"]
[WhiteElo "1969"]
[BlackElo "1622"]
[Annotator "RC"]
[PlyCount "113"]
[EventDate "2024.11.18"]
[EventType "swiss"]
[EventCountry "ITA"]
[SourceTitle "playchess.com"]
[Source "ChessBase"]
[SourceQuality "1"]
[TimeControl "5400+30"]

1. e4 c5 2. Nf3 Nc6 3. d4 cxd4 4. Nxd4 g6 5. c4 Bg7 6. Be3 Nf6 7. Nc3 O-O 8. Be2 d6 9. O-O Bd7 10. Qd2 Nxd4 11. Bxd4 Bc6 12. f3 Nd7 13. Be3 Nc5 14. Rac1 Rc8 15. b4 Na4 16. Nxa4 Bxa4 17. b5 a6 18. Qb4 axb5 19. cxb5 Ra8 20. Kh1 Re8 21. Bc4 e6 22. Bg1 d5 23. exd5 exd5 24. Bd3 Bf8 25. Qb2 Bg7 26. Bd4 Bxd4 27. Qxd4 Qa5 28. Rc5 Re1 29. Rxd5 Rxf1+ 30. Bxf1 Bc2 31. Qf2 Qxa2 32. Rc5 Bf5 33. Qxa2 Rxa2 34. Kg1 Rc2 35. Rd5 Kf8 36. Rd8+ Ke7 37. Rb8 Bc8 38. Bd3 Rc1+ 39. Kf2 Kd8 40. Ke3 Kc7 41. Ra8 Kb6 42. Kd4 Rc5 43. g3 Bd7 44. Rf8 Bxb5 45. Bxb5 Rxb5 46. Rxf7 Rf5 47. Rxh7 Rxf3 48. Rh6 Rf6 49. h4 Rd6+ 50. Ke5 Kc5 51. g4 b5 52. Rh8 b4 53. Rb8 Rc6 54. h5 gxh5 55. gxh5 Rh6 56. Ke4 Kc4 57. Rc8+ 1/2-1/2

[Event "FIDE WCCC Open-12 2024"]
[Site "Montesilvano"]
[Date "2024.11.19"]
[Round "5.29"]
[White "Guo, Ethan"]
[Black "Petrovski, Nikola"]
[Result "1-0"]
[ECO "C54"]
[WhiteElo "2157"]
[BlackElo "1829"]
[Annotator "RC"]
[PlyCount "99"]
[EventDate "2024.11.18"]
[EventType "swiss"]
[EventCountry "ITA"]
[SourceTitle "playchess.com"]
[Source "ChessBase"]
[SourceQuality "1"]
[TimeControl "5400+30"]

1. e4 e5 2. Nf3 Nc6 3. Bc4 Bc5 4. O-O Nf6 5. d3 d6 6. c3 h6 7. Re1 O-O 8. h3 Ne7 9. a4 a6 10. Nbd2 Ng6 11. Nf1 Re8 12. Ng3 Be6 13. Bxe6 Rxe6 14. b4 Ba7 15. c4 c6 16. Qc2 Qc7 17. Nf5 Nh5 18. g3 Rf6 19. Kg2 Re6 20. Bd2 Rc8 21. Qd1 Nf6 22. Qb3 Qd7 23. Rac1 Kh7 24. g4 Kh8 25. Re2 Rd8 26. Qb2 Rc8 27. Rce1 Rce8 28. Kh2 Nh7 29. Kg2 Nf6 30. Qc1 Nh7 31. h4 d5 32. h5 dxe4 33. dxe4 Ne7 34. Bc3 Nxf5 35. exf5 e4 36. Nh4 R6e7 37. Qxh6 Bd4 38. Qd2 Bf6 39. Qxd7 Rxd7 40. Rxe4 Rxe4 41. Rxe4 Bxc3 42. Re8+ Nf8 43. Rxf8+ Kh7 44. Ng6 fxg6 45. fxg6+ Kh6 46. f4 Rd2+ 47. Kf3 Rd3+ 48. Ke2 Rd2+ 49. Ke3 Bxb4 50. Rh8# 1-0

[Event "FIDE WCCC Open-12 2024"]
[Site "Montesilvano"]
[Date "2024.11.19"]
[Round "5.30"]
[White "Belin, Anton"]
[Black "Kozhedub, Ivan"]
[Result "1-0"]
[ECO "B27"]
[WhiteElo "2138"]
[BlackElo "1826"]
[Annotator "RC"]
[PlyCount "108"]
[EventDate "2024.11.18"]
[EventType "swiss"]
[EventCountry "ITA"]
[SourceTitle "playchess.com"]
[Source "ChessBase"]
[SourceQuality "1"]
[TimeControl "5400+30"]

1. e4 c5 2. Nf3 g6 3. d4 cxd4 4. Qxd4 Nf6 5. e5 Nc6 6. Qa4 Nd5 7. Qb3 Nc7 8. Ng5 Ne6 9. Nxe6 fxe6 10. f4 d6 11. exd6 exd6 12. Nc3 Bg7 13. Be3 O-O 14. O-O-O Qe7 15. h4 d5 16. Ne2 Bd7 17. h5 Be8 18. g4 a6 19. Ng3 Na5 20. Qb6 Nc6 21. Bc5 Qf6 22. Bxf8 Qxf4+ 23. Kb1 Kxf8 24. hxg6 Bxg6 25. Bd3 Bxd3 26. Rxd3 Kg8 27. Nh5 Qe4 28. Rf1 Rf8 29. Rxf8+ Kxf8 30. a3 Qxg4 31. Qf2+ Ke7 32. Qc5+ Kd7 33. Rb3 Nd8 34. Nxg7 Qxg7 35. c4 Qg6+ 36. Ka2 Qc2 37. Rc3 Qe4 38. cxd5 Qxd5+ 39. Qxd5+ exd5 40. Rh3 Kd6 41. Rxh7 b6 42. Kb3 Kc5 43. Kc3 a5 44. Rh4 Nc6 45. b4+ axb4+ 46. axb4+ Kb5 47. Kb3 Ne7 48. Rh5 Kc6 49. Kc3 Nc8 50. Kd4 Nd6 51. Rh6 Kc7 52. Kxd5 Nb5 53. Rh7+ Kc8 54. Kc6 Nc3 1-0

[Event "FIDE WCCC Open-12 2024"]
[Site "Montesilvano"]
[Date "2024.11.19"]
[Round "5.31"]
[White "Obidov, Biloliddin"]
[Black "Lee, Tsuen Jin Aiesec"]
[Result "1-0"]
[ECO "C01"]
[WhiteElo "2088"]
[BlackElo "1806"]
[Annotator "RC"]
[PlyCount "105"]
[EventDate "2024.11.18"]
[EventType "swiss"]
[EventCountry "ITA"]
[SourceTitle "playchess.com"]
[Source "ChessBase"]
[SourceQuality "1"]
[TimeControl "5400+30"]

1. d4 e6 2. c4 b6 3. e4 Bb4+ 4. Bd2 Bxd2+ 5. Nxd2 d5 6. Ngf3 Bb7 7. cxd5 exd5 8. e5 Ne7 9. Bd3 c5 10. Rc1 Nd7 11. O-O h6 12. Re1 O-O 13. Bb1 Rc8 14. Nf1 Re8 15. Ng3 Nf8 16. Nh4 cxd4 17. Nhf5 Nxf5 18. Nxf5 Rc5 19. Qxd4 Ne6 20. Qd3 Rxc1 21. Rxc1 Qg5 22. Re1 Nf4 23. Qf3 Ng6 24. Nd6 Re7 25. Bxg6 fxg6 26. Nxb7 Rxb7 27. Qxd5+ Rf7 28. g3 Qf5 29. Re2 Kh7 30. Kg2 h5 31. Qe4 Qe6 32. b3 Rc7 33. Rd2 Rc5 34. Rd6 Qf5 35. Qxf5 gxf5 36. e6 Re5 37. Kf3 Kg6 38. Rd7 Rxe6 39. Rxa7 Kf6 40. h4 g6 41. a4 Rc6 42. b4 Rc4 43. b5 Rb4 44. Ra6 Kg7 45. Ke3 Re4+ 46. Kd3 Kf7 47. f3 Re6 48. Kc4 Ke7 49. a5 Re1 50. Rxb6 Rc1+ 51. Kd5 Rd1+ 52. Kc6 Rc1+ 53. Kb7 1-0

[Event "FIDE WCCC Open-12 2024"]
[Site "Montesilvano"]
[Date "2024.11.19"]
[Round "5.32"]
[White "Nicot, Valentin"]
[Black "Liu, Richard Jingjie"]
[Result "1/2-1/2"]
[ECO "C45"]
[WhiteElo "2078"]
[BlackElo "1795"]
[Annotator "RC"]
[PlyCount "79"]
[EventDate "2024.11.18"]
[EventType "swiss"]
[EventCountry "ITA"]
[SourceTitle "playchess.com"]
[Source "ChessBase"]
[SourceQuality "1"]
[TimeControl "5400+30"]

1. e4 e5 2. Nf3 Nc6 3. d4 exd4 4. Nxd4 Qh4 5. Nc3 Bb4 6. Be2 Bxc3+ 7. bxc3 Nxd4 8. cxd4 Qxe4 9. O-O Ne7 10. Bg5 Qg6 11. f4 h6 12. Bh4 Qd6 13. f5 Nd5 14. Bg3 Nc3 15. Bxd6 Nxd1 16. Be5 Ne3 17. Rf3 Nxc2 18. Rc1 f6 19. Bxc7 Nxd4 20. Re3+ Ne6 21. fxe6 dxe6 22. Bg3 Bd7 23. Bf3 Rc8 24. Rxc8+ Bxc8 25. Rc3 O-O 26. Rc7 e5 27. Bxb7 Bxb7 28. Rxb7 Rf7 29. Rxf7 Kxf7 30. Kf2 Ke6 31. Ke3 f5 32. Kd3 Kd5 33. Bf2 a6 34. h4 g6 35. Be1 f4 36. Bc3 e4+ 37. Ke2 Ke6 38. Bg7 h5 39. Bh6 Kf5 40. Kf2 1/2-1/2

[Event "FIDE WCCC Open-12 2024"]
[Site "Montesilvano"]
[Date "2024.11.19"]
[Round "5.33"]
[White "Simiyu Jadon"]
[Black "Minga-Nagy, Abel Inti"]
[Result "0-1"]
[ECO "A02"]
[WhiteElo "1784"]
[BlackElo "2033"]
[Annotator "RC"]
[PlyCount "50"]
[EventDate "2024.11.18"]
[EventType "swiss"]
[EventCountry "ITA"]
[SourceTitle "playchess.com"]
[Source "ChessBase"]
[SourceQuality "1"]
[TimeControl "5400+30"]

1. f4 e5 2. d3 d6 3. Nf3 Nc6 4. e3 Bg4 5. Be2 Bxf3 6. Bxf3 exf4 7. exf4 Qe7+ 8. Kf2 Qd7 9. c4 Nf6 10. Nc3 Be7 11. Be3 O-O 12. g4 d5 13. Nxd5 Nxd5 14. cxd5 Bh4+ 15. Kg2 Ne7 16. Qb3 Rad8 17. Bc5 Rfe8 18. Bxe7 Qxe7 19. Be4 Qc5 20. Rhf1 Rd6 21. Kf3 h5 22. h3 Rf6 23. gxh5 Qd6 24. Kg4 g5 25. hxg6 Rxe4 0-1

[Event "FIDE WCCC Open-12 2024"]
[Site "Montesilvano"]
[Date "2024.11.19"]
[Round "5.34"]
[White "Lee, Daniel Joshua"]
[Black "Vaidyanathan, Adithya"]
[Result "1-0"]
[ECO "B38"]
[WhiteElo "1765"]
[BlackElo "2018"]
[Annotator "RC"]
[PlyCount "89"]
[EventDate "2024.11.18"]
[EventType "swiss"]
[EventCountry "ITA"]
[SourceTitle "playchess.com"]
[Source "ChessBase"]
[SourceQuality "1"]
[TimeControl "5400+30"]

1. e4 c5 2. Nf3 Nc6 3. d4 cxd4 4. Nxd4 g6 5. c4 Bg7 6. Be3 Nf6 7. Nc3 O-O 8. Be2 d6 9. O-O Bd7 10. Nc2 Qa5 11. Qd2 Rfc8 12. Rac1 Be6 13. b4 Qd8 14. f4 Ng4 15. Bxg4 Bxg4 16. Nd5 Be6 17. Nd4 Qd7 18. Rf3 Bxd5 19. exd5 Nb8 20. f5 Qe8 21. Bh6 Qf8 22. Bxg7 Qxg7 23. fxg6 hxg6 24. Nf5 gxf5 25. Rg3 Qxg3 26. hxg3 Nd7 27. Rf1 Ne5 28. Rxf5 Rxc4 29. Qh6 Rac8 30. Rg5+ Ng6 31. Kh2 Rc1 32. Rh5 Rf1 33. g4 Rcc1 34. Qh7+ Kf8 35. Kg3 Rc3+ 36. Kh2 Rcc1 37. Qh6+ Ke8 38. Qe3 Ne5 39. Rg5 Rh1+ 40. Kg3 Rcd1 41. Qxa7 Rd3+ 42. Kf2 Rc1 43. Qb8+ Kd7 44. Qxb7+ Rc7 45. Qb5+ 1-0

[Event "FIDE WCCC Open-12 2024"]
[Site "Montesilvano"]
[Date "2024.11.19"]
[Round "5.35"]
[White "Vorobyov, Radmir"]
[Black "Zhang, Sean"]
[Result "0-1"]
[ECO "D02"]
[WhiteElo "2017"]
[BlackElo "1789"]
[Annotator "RC"]
[PlyCount "118"]
[EventDate "2024.11.18"]
[EventType "swiss"]
[EventCountry "ITA"]
[SourceTitle "playchess.com"]
[Source "ChessBase"]
[SourceQuality "1"]
[TimeControl "5400+30"]

1. d4 Nf6 2. Nf3 d5 3. g3 Bf5 4. Bg2 e6 5. O-O c5 6. b3 Nc6 7. e3 Be7 8. Bb2 O-O 9. Ne5 h6 10. Nd2 Nd7 11. c4 Ndxe5 12. dxe5 Bd3 13. Re1 Nb4 14. Bf1 Bxf1 15. Rxf1 Nd3 16. Qc2 Nb4 17. Qb1 Nc6 18. Rd1 Qc7 19. f4 Rad8 20. e4 d4 21. Nf3 a6 22. a3 b5 23. cxb5 axb5 24. Qd3 Qb6 25. Rac1 Rc8 26. Kh1 Rfd8 27. Nd2 Ra8 28. Rc2 Qb7 29. Kg1 Qb6 30. Kg2 Qb7 31. Kh3 Rab8 32. Qf3 Qd7 33. Qg4 g6 34. Kg2 Kg7 35. h4 h5 36. Qh3 d3 37. Rcc1 Nd4 38. Nf3 Nxf3 39. Kxf3 c4 40. b4 Rbc8 41. f5 Kg8 42. f6 Bf8 43. Kg2 Qb7 44. Kf3 Bh6 45. g4 hxg4+ 46. Qxg4 Qa7 47. h5 Qe3+ 48. Kg2 Qe2+ 49. Qxe2 dxe2 50. Rxd8+ Rxd8 51. Re1 Rd2 52. Bc1 Rd1 53. Rxe2 Rxc1 54. hxg6 fxg6 55. Kf3 c3 56. a4 bxa4 57. Ra2 c2 58. Ke2 Re1+ 59. Kxe1 c1=Q+ 0-1

[Event "FIDE WCCC Open-12 2024"]
[Site "Montesilvano"]
[Date "2024.11.19"]
[Round "5.36"]
[White "Nguyen, Anh Khoi"]
[Black "Mai, Duc Kien"]
[Result "1/2-1/2"]
[ECO "A15"]
[WhiteElo "2520"]
[BlackElo "1771"]
[Annotator "TA"]
[PlyCount "57"]
[EventDate "2024.11.18"]
[EventType "swiss"]
[EventCountry "ITA"]
[SourceTitle "playchess.com"]
[Source "ChessBase"]
[SourceQuality "1"]
[TimeControl "5400+30"]

1. c4 Nf6 2. g3 g6 3. Bg2 d5 4. cxd5 Nxd5 5. Qb3 Nb6 6. Qc3 {[%emt 0:00:34] Prevents Bg7.} Rg8 7. Nf3 Bg7 8. d4 Nc6 9. e3 $1 Be6 10. O-O Qd7 11. Rd1 O-O-O 12. Qc2 Bh3 13. Nc3 Bxg2 14. Kxg2 Bf6 (14... f5 $11) 15. Qb3 e6 16. e4 ({Better is} 16. h4 $14) 16... g5 $11 (16... Bxd4 17. Be3 e5 18. Nxe5 Nxe5 19. Bxd4 $18) (16... Nxd4 $6 17. Nxd4 Bxd4 18. Nb5 $18) 17. e5 (17. Be3 $11) 17... g4 18. Ng1 Be7 (18... Nxd4 19. Rxd4 Qxd4 20. exf6 $11) 19. Nge2 h5 20. Be3 h4 21. Nf4 h3+ 22. Kg1 Bg5 23. Ne4 Bxf4 24. Nf6 {[%emt 0:00:06] [#]} Qe7 ({But not} 24... Na5 $6 25. Nxd7 Nxb3 26. Nxb6+ axb6 27. axb3 $11) (24... Nxd4 $1 $17 {( -> ...Qc6)} 25. Rxd4 Qc6) 25. Nxg8 ({Much weaker is} 25. Bxf4 Rg6 26. Qc3 Nd5 27. Nxd5 Rxd5 $17) 25... Rxg8 26. Bxf4 ({Don't play} 26. gxf4 Nd5 27. Qd3 Qh4 $17) 26... Nd5 (26... Qd7 $11 27. Be3 Na5) 27. Qc2 f5 (27... Qd7 $11 {keeps the balance.} 28. Be3 Rg6) 28. a3 ({White should try} 28. exf6 $16 Nxf6 29. Rac1) 28... Qf7 29. Qd2 {[%emt 0:17:23] Weighted Error Value: White=0.20 (precise) /Black=0.22 (precise) .  Mistake:       	White=4     	Black=4      Inaccurate:     	White=4     	Black=4      OK:         	White=5     	Black=12     Best:        	White=2     	---        Strong:       	White=1     	---} (29. b4 $14) 1/2-1/2

[Event "FIDE WCCC Open-12 2024"]
[Site "Montesilvano"]
[Date "2024.11.19"]
[Round "5.37"]
[White "Wang, Zihao(Sh)"]
[Black "El Zein, Bassam"]
[Result "1/2-1/2"]
[ECO "B02"]
[WhiteElo "1838"]
[BlackElo "1947"]
[Annotator "NA RC"]
[PlyCount "107"]
[EventDate "2024.11.18"]
[EventType "swiss"]
[EventCountry "ITA"]
[SourceTitle "playchess.com"]
[Source "ChessBase"]
[SourceQuality "1"]
[TimeControl "5400+30"]

1. e4 c5 2. Nf3 Nf6 3. Nc3 d5 4. exd5 Nxd5 5. d4 Nxc3 6. bxc3 e6 7. Bd3 Nc6 8. O-O Be7 9. Be3 Bf6 10. Be4 O-O 11. Rb1 Qa5 12. Qd3 h6 13. Qc4 cxd4 14. cxd4 Ne7 15. Bd2 Qh5 16. h3 Nf5 17. Qa4 Nd6 18. Bd3 Rd8 19. Bf4 Nf5 20. Bc7 Bd7 21. Qb3 Rdc8 22. Qxb7 Ne7 23. Bb5 Bxb5 24. Rxb5 Qg6 25. Ne5 Qxc2 26. Rc5 Qxa2 27. Rfc1 Bg5 28. R1c4 Qa1+ 29. Kh2 Qf1 30. Rc2 Re8 31. Qe4 Nd5 32. Bd6 Rad8 33. Rc6 a5 34. g3 Qd1 35. h4 f5 36. Qe2 Qxe2 37. Rxe2 Bf6 38. Ra2 Nb4 39. Bxb4 axb4 40. Rc4 b3 41. Re2 Rb8 42. Rb2 Bxe5 43. dxe5 Rb5 44. Rc3 Reb8 45. f4 Kf7 46. Kg2 R8b6 47. Kf3 Kg6 48. Rd3 Kh5 49. Rc3 Rb4 50. Rd3 g5 51. hxg5 hxg5 52. Rc3 g4+ 53. Kf2 Kg6 54. Rd3 1/2-1/2